 Dungeon Crawl Stone Soup version 0.25.1-9-gc5326a611f (webtiles) character file.

Game seed: 13369036747280806226

74 Gauvater the Shooter (level 4, 0/36 HPs)
             Began as a Centaur Hunter on Jan 3, 2021.
             Killed from afar by a white imp (12 damage)
             ... with a puff of frost
             ... summoned by Natasha
             ... on level 2 of the Dungeon.
             The game lasted 00:06:22 (1355 turns).

Gauvater the Shooter (Centaur Hunter)               Turns: 1355, Time: 00:06:27

Health: 0/36       AC:  4    Str: 15    XL:     4   Next: 10%
Magic:  4/4        EV:  9    Int: 10    God:
Gold:   99         SH:  5    Dex: 10    Spells: 3/3 levels left

rFire    . . .     SeeInvis .   b - +0 short sword
rCold    . . .     Gourm    .   (no shield)
rNeg     . . .     Faith    .   c - +0 leather armour
rPois    .         Spirit   .   (no helmet)
rElec    .         Reflect  +   (no cloak)
rCorr    .         Harm     .   (no gloves)
MR       .....                  (no barding)
Stlth    ..........             l - amulet of reflection
HPRegen  0.12/turn              i - ring of attention (curse)
MPRegen  0.09/turn              (no ring)

@: slowed
A: large, hooves 3, deformed body, speed 2, tough skin 3
a: no special abilities


You were on level 2 of the Dungeon.
You were hungry.

You visited 1 branch of the dungeon, and saw 2 of its levels.

You collected 99 gold pieces.

Inventory:

Hand Weapons
 a - a +1 shortbow
 b - a +0 short sword (weapon)
Missiles
 d - 12 arrows
 e - 44 stones (quivered)
 m - 52 sling bullets
Armour
 c - a +0 leather armour (worn)
Jewellery
 i - a cursed ring of attention (left hand)
 l - an amulet of reflection (around neck)
 q - an uncursed amulet of the acrobat {unknown}
Scrolls
 o - a scroll of teleportation
 r - a scroll of magic mapping
 s - a scroll of enchant weapon {unknown}
 u - a scroll of amnesia {unknown}
Potions
 h - a potion of resistance {unknown}
 j - 4 potions of curing {unknown}
 n - a potion of stabbing {unknown}
 p - a potion of lignification {unknown}
 t - a potion of magic {unknown}
Comestibles
 f - 2 rations
 g - 5 chunks of flesh


   Skills:
 + Level 2.3 Fighting
 + Level 1.4 Short Blades
 + Level 6.6 Bows
 + Level 0.2 Armour
 + Level 1.5 Dodging
 + Level 0.4 Stealth


You had 3 spell levels left.
You didn't know any spells.
Your spell library was empty.

Dungeon Overview and Level Annotations

Branches:
Dungeon (2/15)

Altars:
Zin

Annotations:
D:2 Natasha


Innate Abilities, Weirdness & Mutations

You have hooves in place of feet.
Armour fits poorly on your strangely shaped body.
You cover ground very quickly.
You have extremely tough skin. (AC +3)


Message History

Natasha is severely wounded.
The white imp hits you but does no damage.
Natasha claws you but does no damage.
You hit Natasha. Your kick misses Natasha.
Natasha is almost dead.
The white imp hits you. The white imp freezes you.
Natasha casts a spell at you.
You feel yourself slow down. The white imp spits at you.
The white imp closely misses you.
You hit the white imp but do no damage. You block Natasha's attack.
The white imp misses you. Natasha claws you.
You closely miss Natasha.
Natasha is almost dead.
You are feeling hungry.
The white imp hits you but does no damage.
Natasha claws you. The white imp gestures at you. The puff of frost hits you!
You die...

#.# #.# #. .# #####>####
##.##. #### #........# .
.... ...#
#.###<##.#.####.####..#
#.##.#.##.....##..####
#......#....(..#.....
####.#(#...h...#..######
#.#((...5@...........
#.#.#.......#..######
#.#.#)......#.##
#...##.....##.#
###.####.####.#
#####...........#
............##.#.#
########.#### ..# #.# .#


You could see Natasha and a white imp (summoned).

Vanquished Creatures
  Natasha (D:2)
  Terence (D:1)
  A dart slug (D:1)
  5 giant cockroaches
  2 goblins (D:1)
  2 hobgoblins (D:1)
  6 kobolds (D:1)
  2 bats (D:1)
  2 frilled lizards (D:1)
  5 rats
27 creatures vanquished.

Notes
Turn   | Place    | Note
-------+----------+-------------------------------------------
     0 | D:1      | Gauvater the Centaur Hunter began the quest for the Orb.
     0 | D:1      | Reached XP level 1. HP: 17/17 MP: 1/1
   401 | D:1      | Reached XP level 2. HP: 24/24 MP: 2/2
   554 | D:1      | Reached skill level 6 in Bows
  1038 | D:2      | Noticed Terence
  1127 | D:1      | Killed Terence
  1127 | D:1      | Reached XP level 3. HP: 28/29 MP: 3/3
  1237 | D:2      | Found a glowing silver altar of Zin.
  1237 | D:2      | Noticed Natasha
  1257 | D:2      | Killed Natasha
  1257 | D:2      | Reached skill level 1 in Short Blades
  1257 | D:2      | Reached XP level 4. HP: 28/36 MP: 4/4
  1342 | D:2      | Noticed Natasha
  1355 | D:2      | Killed from afar by a white imp

Illustrated notes

Levels and vault maps discovered:
D:1:      evilmike_arrival_rings, layout_basic, minivault_25, minmay_tromino_i4
D:2:      layout_loops_ring, kennysheep_vampire_church, old_standard_altar,
          uniq_natasha, uniq_terence

Skill      XL: |  1  2  3 |
---------------+----------+-----
Bows           | 6 |  6.6
Short Blades   | 1 |  1.4
Fighting       | |  2.3
Armour         | |  0.2
Dodging        | |  1.5
Stealth        | |  0.4

Action                   |  1- 3 |  4- 6 || total
-------------------------+-------+-------++-------
Melee: Short sword       |    52 |     7 ||    59
       Kick              |    12 |     1 ||    13
 Fire: Shortbow          |    40 |     4 ||    44
Throw: Stone             |     5 |       ||     5
  Use: Scroll            |     2 |       ||     2
Armor: Leather armour    |    27 |     3 ||    30
Dodge: Dodged            |    26 |     4 ||    30
Block: Other             |    12 |     2 ||    14
